 Dungeon Crawl Stone Soup version 0.28-a0-1518-gbe868bca14 (webtiles) character file.

Game seed: 6356824733303993031

501780 enile the Slayer (level 23, -1/155 (158) HPs)
             Began as a Minotaur Wanderer on Jan 16, 2022.
             Was the Champion of Jiyva.
             Slain by a sun demon (24 damage)
             ... led by a balrug
             ... on level 4 of the Abyss on Jan 17, 2022.
             The game lasted 04:27:24 (52044 turns).

enile the Slayer (Minotaur Wanderer)               Turns: 52044, Time: 04:27:25

HP:   -1/155 (158)  AC: 24    Str: 19    XL:     23   Next: 44%
MP:   16/16         EV: 14    Int: -5 (2) God:    Jiyva [******]
Gold: 99            SH: 30    Dex: 30    Spells: 22/22 levels left

rFire   + + +      SeeInvis +   G - +11 spear of the Throat {chaos, rElec rCorr}
rCold   + + .      Faith    .   b - +5 tower shield
rNeg    . . .      Spirit   .   S - +4 plate armour of the Snake Pit {rF++ Regen+}
rPois   +          Reflect  .   (helmet restricted)
rElec   +          Harm     .   J - +2 cloak
rCorr   +          Rampage  .   W - +0 pair of gloves of Wixy {Dex+4}
Will    ++++.      Rage     53% (no boots)
Stlth   ++........              a - necklace of Bloodlust {*Rage Will++ Int-3 Slay+6}
HPRegen 1.60/turn               x - ring of Eppom {rF++ rC+ rCorr Str-3 SInv}
MPRegen 0.65/turn               f - ring of Hikaitydd {rPois Str+4 Dex+6}

@: resistant, on berserk cooldown, sick, hasted and slowed, lost intelligence,
studying 3 skills, lightly drained, unable to read
A: horns 2, retaliatory headbutt, hooves 2, agile 2, strong-willed 1, acidic
bite, tendrils, [berserk 2], [deformed body], [dopey 2], [frail 3], [low mp 3],
[screaming 2], [weak 2]
}: 4/15 runes: barnacled, slimy, silver, gossamer
a: Renounce Religion, Oozemancy, Slimify


You were on level 4 of the Abyss.
You worshipped Jiyva.
Jiyva was exalted by your worship.
You visited 9 branches of the dungeon, and saw 48 of its levels.
You visited the Abyss 1 time.
You visited 1 bazaar.
You also visited: Sewer, Ossuary and Volcano.

You collected 4613 gold pieces.
You spent 4514 gold pieces at shops.

Inventory:

Hand Weapons
 v - a +3 demon trident of freezing
 B - the +7 sceptre of Torment {pain, torment}
   (You found it on level 3 of the Depths)

   In the hands of one skilled in necromantic magic, it inflicts extra damage on
   living creatures.
   It occasionally torments all nearby living foes when it strikes in combat.
 G - the +11 spear of the Throat (weapon) {chaos, rElec rCorr}
   (You found it on level 4 of the Dungeon)

   Each time it hits an enemy it has a different, random effect.
   rElec:     It insulates you from electricity.
   rCorr:     It protects you from acid and corrosion.
 T - the +8 spear of Growth {venom, rF+ SInv}
   (You found it on level 2 of the Spider Nest)

   It poisons the flesh of those it strikes.
   rF:        It protects you from fire.
   SInv:      It lets you see invisible.
Missiles
 l - 5 atropa-tipped darts
Armour
 b - a +5 tower shield (worn)
 J - a +2 cloak (worn)
 S - the +4 plate armour of the Snake Pit (worn) {rF++ Regen+}
   (You bought it in a shop on level 2 of the Orcish Mines)

   rF:        It greatly protects you from fire.
   Regen:     It increases your rate of health regeneration.
 W - the +0 pair of gloves of Wixy (worn) {Dex+4}
   (You found it on level 8 of the Dungeon)

   Dex:       It affects your dexterity (+4).
Jewellery
 a - the necklace of Bloodlust (around neck) {*Rage Will++ Int-3 Slay+6}
   (You bought it in a shop on level 4 of the Vaults)

   [amulet of nothing]

   It extends the wearer's berserk rage when killing foes.
   Int:       It affects your intelligence (-3).
   Slay:      It affects your accuracy & damage with ranged weapons and melee
   (+6).
   *Rage:     It berserks you when you make melee attacks (+50% chance).
   Will:      It greatly increases your willpower.
 d - the amulet "Mohoclos" {Reflect +Inv rPois rF- rC++ SH+5}
   (You found it on level 10 of the Dungeon)

   [amulet of reflection]

   It reflects blocked missile attacks.
   rF:        It makes you vulnerable to fire.
   rC:        It greatly protects you from cold.
   rPois:     It protects you from poison.
   +Inv:      It lets you turn invisible.
   SH:        It affects your SH (+5).
 f - the ring of Hikaitydd (right hand) {rPois Str+4 Dex+6}
   (You took it off a frost giant on level 3 of the Depths)

   [ring of dexterity]

   Str:       It affects your strength (+4).
   Dex:       It affects your dexterity (+6).
   rPois:     It protects you from poison.
 h - the amulet of Vitality {Regen+ HP+15}
   (You found it on level 5 of the Pits of Slime)

   [amulet of regeneration]

   HP:        It affects your health (+15).
   Regen:     It increases your rate of health regeneration.
 n - the amulet "Efuduch" {RegenMP rF+ rC- Will++ Dex-4 SInv}
   (You took it off a deep elf death mage on level 3 of the Elven Halls)

   [amulet of magic regeneration]

   It increases your rate of magic regeneration.
   Dex:       It affects your dexterity (-4).
   rF:        It protects you from fire.
   rC:        It makes you vulnerable to cold.
   SInv:      It lets you see invisible.
   Will:      It greatly increases your willpower.
 o - the amulet "Osum" {Acrobat rPois rF- Str+8 Int-3}
   (You took it off a deep elf death mage on level 5 of the Vaults)

   [amulet of the acrobat]

   It increases your evasion while moving and waiting.
   Str:       It affects your strength (+8).
   Int:       It affects your intelligence (-3).
   rF:        It makes you vulnerable to fire.
   rPois:     It protects you from poison.
 u - the amulet of the Four Winds {rN+ Will+++ Clar}
   (You found it on level 3 of the Elven Halls)

   [amulet of nothing]

   rN:        It protects you from negative energy.
   Clar:      It protects you against confusion.
   Will:      It greatly increases your willpower.
 x - the ring of Eppom (left hand) {rF++ rC+ rCorr Str-3 SInv}
   (You found it on level 4 of the Shoals)

   [ring of see invisible]

   Str:       It affects your strength (-3).
   rF:        It greatly protects you from fire.
   rC:        It protects you from cold.
   SInv:      It lets you see invisible.
   rCorr:     It protects you from acid and corrosion.
 I - a ring of flight
 U - a +4 ring of slaying
Wands
 e - a wand of acid (5)
 p - a wand of digging (5)
 y - a wand of mindburst (9)
 M - a wand of polymorph (29)
 N - a wand of flame (38)
 O - a wand of iceblast (29)
 P - a wand of paralysis (4)
Scrolls
 i - 4 scrolls of vulnerability
 m - 6 scrolls of teleportation
 q - 3 scrolls of magic mapping
 r - 3 scrolls of blinking
 A - 11 scrolls of fear
 C - 5 scrolls of fog
 F - a scroll of silence
 R - 3 scrolls of immolation
 X - a scroll of summoning
Potions
 j - 4 potions of ambrosia
 s - 6 potions of lignification
 w - 10 potions of might
 z - a potion of heal wounds
 D - 5 potions of mutation
 E - 3 potions of attraction {unknown}
 H - 2 potions of brilliance
 K - 2 potions of resistance
 L - 17 potions of curing
 Q - 3 potions of flight
 V - 4 potions of haste
 Y - 3 potions of cancellation
Miscellaneous
 c - a tin of tremorstones (2/2)
 g - a condenser vane
 k - a piece from Xom's chessboard (11/15)
 t - a phantom mirror (inert) (quivered)
 Z - a box of beasts (inert)


   Skills:
 - Level 23.0 Fighting
 - Level 1.0 Short Blades
 - Level 22.9(23.0) Polearms
 - Level 1.8(15.3) Staves
 - Level 1.1(5.5) Slings
 - Level 3.2 Bows
 - Level 7.9(8.0) Throwing
 - Level 21.0 Armour
 - Level 10.0 Dodging
 - Level 14.0 Stealth
 + Level 19.6 Shields
 - Level 3.0 Unarmed Combat
 - Level 2.4 Invocations
 - Level 18.0 Evocations


You had 22 spell levels left.
You didn't know any spells.
Your spell library contained the following spells:

 Spells                   Type           Power      Damage    Failure   Level
 Beastly Appendage        Tmut           0%         N/A       100%        1
 Foxfire                  Conj/Fire      0%         2x1d4     100%        1
 Magic Dart               Conj           0%         1d3       100%        1
 Sandblast                Erth           0%         2d4       100%        1
 Shock                    Conj/Air       0%         1d3       100%        1
 Sting                    Tmut/Pois      0%         1d3       100%        1
 Summon Small Mammal      Summ           0%         N/A       100%        1
 Blink                    Tloc           0%         N/A       100%        2
 Call Imp                 Summ           0%         N/A       100%        2
 Passwall                 Tmut/Erth      0%         N/A       100%        2
 Poisonous Vapours        Pois/Air       0%         N/A       100%        2
 Static Discharge         Conj/Air       0%         N/A       100%        2
 Sublimation of Blood     Necr           0%         N/A       100%        2
 Wereblood                Tmut           0%         N/A       100%        2
 Call Canine Familiar     Summ           0%         N/A       100%        3
 Conjure Flame            Conj/Fire      0%         6-21      100%        3
 Ignite Poison            Fire/Tmut/Pois 0%         N/A       100%        3
 Lesser Beckoning         Tloc           0%         N/A       100%        3
 Mephitic Cloud           Conj/Pois/Air  0%         N/A       100%        3
 Ozocubu's Armour         Ice            0%         N/A       100%        3
 Spider Form              Tmut/Pois      0%         N/A       100%        3
 Stone Arrow              Conj/Erth      0%         3d7       100%        3
 Summon Guardian Golem    Hex/Summ       0%         N/A       100%        3
 Animate Armour           Summ/Erth      0%         N/A       100%        4
 Animate Dead             Necr           0%         N/A       100%        4
 Dispel Undead            Necr           0%         3d6       100%        4
 Flame Wave               Conj/Fire      0%         2d4       100%        4
 Fulminant Prism          Conj/Hex       0%         3d6       100%        4
 Iskenderun's Mystic Bla  Conj/Tloc      0%         2d3       100%        4
 Leda's Liquefaction      Hex/Erth       0%         N/A       100%        4
 Passage of Golubria      Tloc           0%         N/A       100%        4
 Sticky Flame             Conj/Fire      0%         2d3       100%        4
 Summon Ice Beast         Ice/Summ       0%         N/A       100%        4
 Agony                    Necr           0%         N/A       100%        5
 Fireball                 Conj/Fire      0%         3d3       100%        5
 Iskenderun's Battlesphe  Conj           0%         2d6       100%        5
 Lee's Rapid Deconstruct  Erth           0%         3d5*      100%        5
 Manifold Assault         Tloc           0%         N/A       100%        5
 Summon Mana Viper        Hex/Summ       0%         N/A       100%        5
 Conjure Ball Lightning   Conj/Air       0%         3x3d6     100%        6
 Iron Shot                Conj/Erth      0%         9d1       100%        6
 Starburst                Conj/Fire      0%         6d3       100%        6
 Statue Form              Tmut/Erth      0%         N/A       100%        6
 Haunt                    Necr/Summ      0%         N/A       100%        7
 Orb of Destruction       Conj           0%         9d5       100%        7
 Ozocubu's Refrigeration  Ice            0%         4d5       100%        7
 Spellforged Servitor     Conj/Summ      0%         N/A       100%        7
 Summon Hydra             Summ           0%         N/A       100%        7
 Borgnjor's Revivificati  Necr           0%         N/A       100%        8
 Necromutation            Tmut/Necr      0%         N/A       100%        8
 Summon Horrible Things   Summ           0%         N/A       100%        8
 Death's Door             Necr           0%         N/A       100%        9
 Dragon's Call            Summ           0%         N/A       100%        9


Dungeon Overview and Level Annotations

Branches:
Dungeon (15/15)            Temple (0/1) D:4            Lair (6/6) D:10
 Shoals (4/4) Lair:3       Spider (4/4) Lair:3        Slime (5/5) Lair:6
    Orc (2/2) D:12            Elf (3/3) Orc:2        Vaults (5/5) D:14
  Crypt (0/3) Vaults:3     Depths (4/4) D:15            Zot (0/5) Depths:4
  Sewer (visited)         Ossuary (visited)         Volcano (visited)

Altars:
Elyvilon
Fedhas
Kikubaaqudgha
Nemelex Xobeh
Qazlal
Sif Muna
Vehumet
Xom
Yredelemnul
Jiyva
Lugonu

Shops:
D:11 (   D:15 *   Orc:1 (   Orc:2 (!(*   Elf:1 **!=   Shoals:1 *   Vaults:2 *
Vaults:4 =   Depths:3 ?(!*

Portals:
Hell: Depths:1 Depths:2 Depths:3 Depths:4
Abyss: Lair:6 Depths:3
Pandemonium: Depths:2
Ziggurat: Depths:2

Annotations:
D:5 1 runed translucent door, murtidash's ghost, weakling HODe
Lair:3 exclusion: oklob plant
Slime:5 Royal Jelly
Orc:1 2 transporters, Sucvi's ghost, journeyman MiFi
Vaults:5 1 exclusion


Innate Abilities, Weirdness & Mutations

You have a pair of horns on your head.
You reflexively headbutt those who attack you in melee.
You have hoof-like feet.
You are very agile. (Dex +4)
You are strong-willed. (Will+)
You have acidic saliva.
You are covered in slimy tendrils that may disarm your opponents.
[You often lose your temper in combat.]
[Armour fits poorly on your strangely shaped body.]
[You are very dopey. (Int -4)]
[You are extremely frail. (-30% HP)]
[Your magical capacity is extremely low. (-30% MP)]
[You frequently scream uncontrollably at your foes.]
[You are very weak. (Str -4)]


Message History

You block the ancient zyme's attack.
You feel ill.
You hit the sun demon. You freeze the sun demon. You kick the sun demon.
The sun demon is severely wounded.
You block the sun demon's attack.
Unknown command.
You impale the sun demon!!
The necklace of Bloodlust glows a violent red.
You kill the sun demon!
That felt strangely unrewarding.
Unknown command.
You impale the tentacled starspawn!! You freeze the tentacled starspawn!
You destroy the tentacled starspawn!
That felt strangely unrewarding.
The starspawn's tentacles wither and die.
Unknown command.
You puncture the ancient zyme!
You destroy the ancient zyme!
That felt strangely unrewarding.
You impale the spatial vortex!!
The spatial vortex is severely damaged.
You impale the spatial vortex!!
The spatial vortex dissipates!
You are no longer berserk.
You are exhausted.
You feel yourself slow down.
Okay, then.
Okay, then.
You puncture the sun demon!
The sun demon goes berserk!
You kick the sun demon, but do no damage.
The sun demon is lightly wounded.
You block the sun demon's attack.
You closely miss the sun demon.
The sun demon is lightly wounded.
The sun demon misses you. You furiously retaliate!
You headbutt the sun demon. You puncture the sun demon! You kick the sun demon!
Your headbutt misses the sun demon.
You bite the sun demon, but do no damage.
The sun demon is heavily wounded.
The sun demon hits you!!
You die...

. . ### ###.###
#.#...# # #..@..#
. # #X .
###..3.## # . iv
#......#. .# . │
..........##.. ..
. │. #........#
... . │
#..v.#.....#.....
.. ..##...###....
#...# #. ##..#
.##...# .8. #v .
###. .#.. # ..#


You could see a sun demon (berserk) and a spatial vortex.

Vanquished Creatures
  An ancient lich (Vaults:5)
  Mara (Vaults:1)
  Mennas (Vaults:5)
  3 royal mummies (Depths:3)
  Jory (Depths:4)
  2 bone dragons
  the Enchantress (Depths:4)
  The ghost of Suezikaa the Severer, an adept MiMo of Okawaru (Abyss:1)
  Jorgrun (D:13)
  2 tentacled monstrosities (Vaults:5)
  3 liches
  Asterion (Depths:1)
  3 titans (Vaults:5)
  4 deep elf blademasters (Elf:3)
  4 deep elf master archers (Elf:3)
  The ghost of Orphipn the Devastator, an adept VSEE of Sif Muna (Shoals:1)
  2 krakens (Shoals:3)
  An Executioner (Abyss:3)
  2 tentacled starspawn
  4 sphinxes
  Agnes (D:14)
  Roxanne (Shoals:1)
  A draconian monk (Depths:4)
  3 storm dragons (Vaults:5)
  3 shadow dragons (Vaults:5)
  7 tengu reavers
  6 frost giants
  7 fire giants
  5 emperor scorpions
  21 vault wardens
  2 balrugs
  An orc warlord (Orc:1)
  8 deep elf sorcerers
  An iron dragon (Depths:4)
  6 ghost moths
  3 deep elf elementalists (Elf:3)
  15 ironbound preservers
  3 broodmothers
  A draconian stormcaller (Depths:4)
  3 spriggan defenders (Depths:4)
  13 stone giants
  An ophan (Abyss:4)
  2 vampire knights
  6 ironbound thunderhulks
  24 very ugly things
  2 green draconians (Depths:4)
  3 elemental wellsprings (Shoals:3)
  A red draconian (Depths:4)
  7 deep elf annihilators
  3 deep elf demonologists
  15 dire elephants
  A purple draconian (Depths:4)
  3 entropy weavers
  10 spark wasps
  2 black draconians (Depths:4)
  A bunyip (Depths:3)
  10 ettins
  A green death (Abyss:3)
  9 deep elf death magi
  8 merfolk javelineers
  2 mummy priests (Depths:3)
  13 merfolk impalers
  6 yaktaur captains
  3 deep elf high priests
  A fire dragon (Depths:3)
  4 ice dragons
  5 rakshasas
  Harold (D:7)
  5 boulder beetles
  6 hydras
  31 vault guards
  3 spriggan air magi
  A jorogumo (Spider:4)
  An alligator snapping turtle (Shoals:4)
  5 merfolk aquamancers
  4 satyrs
  13 centaur warriors
  6 ironbound frosthearts
  4 catoblepae
  33 dancing weapons
  5 merfolk avatars
  An alligator (Spider:2)
  Erica (D:8)
  5 two-headed ogres
  10 death yaks
  A death scarab (Spider:3)
  8 deep troll earth magi
  A hell hog (Depths:1)
  6 thrashing horrors
  4 spriggan berserkers (Depths:4)
  A tengu warrior (Depths:1)
  2 vampire magi
  3 orc high priests (Orc:2)
  Nergalle (D:10)
  6 hell knights
  21 deep elf knights
  Sonja (D:12)
  4 sun demons
  A soul eater (Depths:1)
  A shadow wraith (Vaults:3)
  5 skeletal warriors
  An iron troll (Depths:2)
  4 pharaoh ants
  2 sun moths
  A sixfirhy (Abyss:3)
  2 spatial maelstroms
  4 steelbarb worms
  A death drake (Abyss:3)
  A quicksilver dragon simulacrum (Abyss:1)
  34 deep trolls
  6 orb spiders
  22 sea snakes
  14 ironbound convokers
  11 deep elf archers
  4 phantasmal warriors
  Pikel (D:9)
  A tengu zombie (Depths:1)
  6 wizards
  8 lindwurms
  20 deep elf pyromancers
  A kraken simulacrum (Shoals:4)
  3 necromancers
  18 harpies
  5 orc sorcerers (Orc:2)
  A stone giant zombie (Depths:1)
  17 deep elf zephyrmancers
  6 orc knights
  A wolf spider (shapeshifter) (Vaults:2)
  A mana viper (shapeshifter) (Lair:5)
  16 wolf spiders
  2 salamanders
  14 cyclopes
  14 manticores
  17 elephants
  6 moths of wrath
  41 ugly things
  15 fauns
  A rust devil (Abyss:1)
  13 merfolk sirens
  12 water nymphs
  A black mamba (Lair:1)
  Joseph (D:8)
  5 centaur zombies
  An ice statue (D:12)
  18 vault sentinels
  A molten gargoyle (Depths:3)
  5 torpor snails
  5 gargoyles
  2 smoke demons
  4 rime drakes
  12 cane toads
  8 komodo dragons
  3 orange demons
  2 unseen horrors (D:12)
  A rime drake (shapeshifter) (D:15)
  A komodo dragon (shapeshifter) (Orc:1)
  23 yaktaurs
  Psyche (D:9)
  6 demonic crawlers
  2 hellwings (Abyss:4)
  4 ancient zymes
  A tengu conjurer (Depths:1)
  A freezing wraith (Vaults:5)
  40 merfolk
  A queen bee (Lair:4)
  18 meliai
  4 polar bears (Lair:5)
  9 trolls
  16 hornets
  25 tarantellas
  5 wind drakes
  Prince Ribbit (D:9)
  A harpy skeleton (Volcano)
  28 blink frogs
  11 snapping turtles
  18 dream sheep
  33 jumping spiders
  A raiju (Abyss:3)
  15 large abominations
  3 flying skulls (Volcano)
  An ettin skeleton (Depths:1)
  2 jumping spiders (shapeshifter)
  5 shadows
  A shapeshifter (Shoals:2)
  2 alligator skeletons (Volcano)
  A spriggan (shapeshifter) (D:13)
  6 spriggans
  An air elemental (Elf:1)
  22 culicivoras
  3 water elementals
  5 wyverns
  2 ynoxinuls
  A vampire (D:13)
  A wraith (D:12)
  55 yaks
  Grum (D:8)
  2 chaos spawn (Lair:6)
  8 basilisks
  5 fire elementals
  5 steam dragons
  13 vampire mosquitoes
  89 redbacks
  A demonspawn zombie (Abyss:1)
  4 wargs
  3 spatial vortices
  Duvessa (D:7)
  15 small abominations
  16 water moccasins
  2 acid dragons
  A sky beast (D:8)
  2 ice beasts
  25 orc warriors
  A black bear (D:7)
  3 boggarts (D:15)
  5 ogres
  7 wolves
  2 lemures (D:9)
  9 centaurs
  A phantom (D:4)
  A gnoll sergeant (D:9)
  2 kobold brigands
  19 bullfrogs
  A scorpion (D:6)
  A water moccasin zombie (D:5)
  3 earth elementals (Elf:1)
  Dowan (D:7)
  7 jellies
  40 killer bees
  A troll zombie (D:12)
  4 wights (D:8)
  3 howler monkeys
  7 electric eels
  A bullfrog zombie (D:5)
  3 hounds (D:10)
  A bullfrog skeleton (D:7)
  18 orc priests
  Crazy Yiuf (D:4)
  2 gnoll shamans
  Natasha (D:4)
  An iguana (D:6)
  20 orc wizards
  3 ogre zombies (D:12)
  2 naga skeletons (Volcano)
  A hound skeleton (D:4)
  12 mummies (Ossuary)
  Robin (D:2)
  A howler monkey zombie (D:9)
  17 adders
  20 gnolls
  5 river rats (Sewer)
  2 shadow imps
  5 white imps
  An ufetubus (D:4)
  A worm (D:2)
  2 dart slugs
  56 orcs
  4 bats
  4 giant cockroaches
  16 goblins
  7 hobgoblins
  2 jackals (D:1)
  23 kobolds
  3 quokkas
  12 ball pythons
  7 frilled lizards
  A gnoll skeleton (Ossuary)
  4 goblin skeletons (Ossuary)
  A goblin zombie (D:12)
  2 hobgoblin skeletons (D:12)
  2 hobgoblin zombies (D:12)
  A kobold skeleton (Ossuary)
  4 orc skeletons
  9 orc zombies (D:12)
  35 rats
  11 rat skeletons (Ossuary)
  A plant (Shoals:2)
  4 starspawn tentacles
  6 tentacles
1933 creatures vanquished.

Vanquished Creatures (collateral kills)
  Donald (Vaults:3)
  A shadow dragon (Vaults:5)
  A vault warden (Vaults:2)
  3 ironbound preservers
  An ironbound thunderhulk (Vaults:3)
  2 deep elf annihilators
  2 yaktaur captains (Vaults:2)
  5 vault guards
  2 ironbound frosthearts (Vaults:2)
  2 death knights (Vaults:3)
  A tengu warrior (Depths:1)
  A deep troll earth mage (Vaults:5)
  6 hell knights
  2 deep elf knights
  2 iron trolls
  A pharaoh ant (Spider:4)
  3 deep trolls
  2 orb spiders (Spider:4)
  A flayed ghost (Vaults:2)
  A deep elf archer (Elf:3)
  A harpy (Vaults:3)
  A deep elf zephyrmancer (Elf:3)
  3 ugly things
  A vault sentinel (Vaults:3)
  A troll (D:11)
  2 spriggan zombies (Depths:1)
  A jumping spider (Spider:4)
  A redback (Vaults:5)
  A spatial vortex (Abyss:4)
  A black bear (D:7)
  An ogre (D:7)
  A small abomination (Lair:6)
  A starspawn tentacle (Abyss:4)
56 creatures vanquished.

Vanquished Creatures (others)
  Margery (Vaults:4)
  A vault warden (Vaults:1)
  A draconian stormcaller (Depths:4)
  A war gargoyle (Vaults:2)
  An ironbound thunderhulk (Vaults:1)
  A vampire knight (Depths:2)
  Nessos (D:12)
  A deep elf demonologist (Elf:3)
  10 great orbs of eyes
  Snorg (D:14)
  A merfolk javelineer (Shoals:4)
  A boulder beetle (Vaults:2)
  A peacekeeper (Vaults:3)
  An ironbound frostheart (Vaults:2)
  A dancing weapon (D:14)
  A merfolk aquamancer (Shoals:2)
  A deep troll earth mage (Depths:2)
  4 glowing orange brains
  An iron troll (shapeshifter) (Depths:3)
  A lindwurm (Vaults:3)
  A deep troll (Depths:2)
  2 deep elf pyromancers
  5 ironbound convokers
  A mana viper (shapeshifter) (Vaults:3)
  An orc sorcerer (Orc:1)
  An ugly thing (Depths:3)
  A cyclops (shapeshifter) (Lair:6)
  3 cyclopes
  An eye of devastation (shapeshifter) (D:14)
  A water nymph (Shoals:2)
  2 vault sentinels
  A cane toad (shapeshifter) (Vaults:5)
  A kobold demonologist (D:12)
  A tormentor (Abyss:4)
  4 yaktaurs
  2 floating eyes
  2 merfolk (Shoals:2)
  A blink frog (Lair:6)
  43 slime creatures
  A dream sheep (shapeshifter) (D:14)
  3 dream sheep
  A vampire (D:13)
  2 water elementals
  2 small abominations
  A culicivora (shapeshifter) (Vaults:5)
  A basilisk (Lair:2)
  A golden eye (Abyss:3)
  A golden eye (shapeshifter) (Lair:6)
  A spatial vortex (Abyss:4)
  2 water moccasins
  A floating eye (shapeshifter) (D:13)
  A necrophage (D:6)
  An ogre (D:5)
  A wolf (D:8)
  5 centaurs
  5 bullfrogs
  280 jellies
  4 electric eels (D:13)
  2 howler monkeys (D:11)
  An orc wizard (Orc:2)
  2 ogre zombies (D:12)
  3 mummies
  3 white imps
  A worm (D:4)
  A dart slug (D:2)
  8 orcs
  A bat (D:2)
  2 endoplasms
  A goblin (D:1)
  A ball python (D:3)
  3 frilled lizards
  A gnoll skeleton (Ossuary)
  A hobgoblin zombie (D:5)
  7 kobolds (D:2)
  3 orc zombies
  A rat (D:2)
  6 bushes
  2 demonic plants (Abyss:3)
  105 fungi
  A lurking horror (Abyss:3)
  457 plants
  14 starspawn tentacles
  41 tentacles
  6 toadstools (D:2)
  8 withered plants
1102 creatures vanquished.

Grand Total: 3091 creatures vanquished

Notes
Turn   | Place    | Note
-------+----------+-------------------------------------------
     0 | D:1      | enile the Minotaur Wanderer began the quest for the Orb.
     0 | D:1      | enile set off with the following items: a +2 shortbow, 27
                  | arrows, a +0 hunting sling, 17 sling bullets, a +0 pair of
                  | gloves, a +0 leather armour
     0 | D:1      | Reached XP level 1. HP: 14/14 MP: 1/1
   222 | D:1      | Reached skill level 1 in Fighting
   282 | D:1      | Reached skill level 2 in Fighting
   282 | D:1      | Reached XP level 2. HP: 24/24 MP: 2/2
   414 | D:1      | Found a faded altar of an unknown god.
   424 | D:1      | Prayed at the altar of an unknown god.
   424 | D:1      | Became a worshipper of Jiyva Jaysaxka the Shapeless
   424 | D:1      | Reached * piety under Jiyva
   853 | D:2      | Noticed Robin
   860 | D:1      | Reached skill level 3 in Fighting
   897 | D:1      | Reached XP level 3. HP: 23/31 MP: 3/3
   984 | D:1      | Reached skill level 4 in Fighting
  1039 | D:2      | Killed Robin
  1040 | D:2      | Reached skill level 1 in Short Blades
  1106 | D:2      | Reached ** piety under Jiyva
  1216 | D:2      | Reached XP level 4. HP: 40/40 MP: 4/4
  1684 | D:3      | Reached *** piety under Jiyva
  1742 | D:3      | Gained mutation: You have a small jelly attached to you
                  | that senses nearby items. [Jiyva's grace]
  1742 | D:3      | Gained mutation: You have acidic saliva. [Jiyva's grace]
  1742 | D:3      | Gained mutation: You possess an exceptional clarity of
                  | mind. [Jiyva's grace]
  1742 | D:3      | Gained mutation: Your flesh is heat resistant. (rF+)
                  | [Jiyva's grace]
  1890 | D:3      | Reached skill level 5 in Fighting
  1948 | D:3      | Found a radiant altar of Vehumet.
  1965 | D:3      | Reached skill level 1 in Polearms
  1965 | D:3      | Reached XP level 5. HP: 31/48 MP: 1/5
  2028 | D:3      | Found a white marble altar of Elyvilon.
  2160 | D:4      | Noticed a centaur
  2436 | D:4      | Noticed Crazy Yiuf
  2436 | D:4      | Found a runed translucent door.
  2439 | D:4      | Killed Crazy Yiuf
  2440 | D:4      | Reached skill level 6 in Fighting
  2553 | D:4      | Noticed a phantom
  2589 | D:4      | Killed a phantom
  2590 | D:4      | Reached skill level 7 in Fighting
  2590 | D:4      | Reached skill level 1 in Staves
  2590 | D:4      | Reached XP level 6. HP: 50/60 MP: 6/6
  2649 | D:4      | Found a glowing drain.
  2652 | D:4      | Reached **** piety under Jiyva
  2664 | D:4      | Reached skill level 1 in Armour
  2671 | Sewer    | Entered a sewer
  2914 | Sewer    | Reached XP level 7. HP: 41/66 MP: 4/7
  3006 | D:4      | Found a sparkling altar of Nemelex Xobeh.
  3070 | D:4      | Noticed Natasha
  3074 | D:4      | Reached skill level 8 in Fighting
  3075 | D:4      | Killed Natasha
  3093 | D:4      | Found a staircase to the Ecumenical Temple.
  3284 | D:4      | Identified the +11 spear of the Throat {chaos, rElec rCorr}
  3309 | D:5      | Entered Level 5 of the Dungeon
  3398 | D:5      | Reached skill level 9 in Fighting
  3572 | D:5      | Lost mutation: You have a small jelly attached to you that
                  | senses nearby items. [Jiyva's grace]
  3572 | D:5      | Gained mutation: Your translucent skin slightly reduces
                  | your foes' accuracy. (Stealth+) [Jiyva's grace]
  3572 | D:5      | Gained mutation: Your translucent skin reduces your foes'
                  | accuracy. (Stealth+) [Jiyva's grace]
  3572 | D:5      | Gained mutation: Your transparent skin significantly
                  | reduces your foes' accuracy. (Stealth+) [Jiyva's grace]
  3572 | D:5      | Gained mutation: You are agile. (Dex +2) [Jiyva's grace]
  3637 | D:5      | Reached ***** piety under Jiyva
  3677 | D:5      | Found a sand-covered staircase.
  3683 | Ossuary  | Entered an ossuary
  3831 | Ossuary  | Reached XP level 8. HP: 65/78 MP: 8/8
  4133 | D:5      | Found a runed translucent door.
  4133 | D:5      | Noticed murtidash's ghost (weakling HODe)
  4416 | D:6      | Reached skill level 10 in Fighting
  4453 | D:6      | Reached skill level 5 in Polearms
  5165 | D:7      | Noticed Duvessa
  5165 | D:7      | Noticed Dowan
  5182 | D:7      | Killed Duvessa
  5187 | D:7      | Killed Dowan
  5318 | D:7      | Reached XP level 9. HP: 72/85 MP: 9/9
  5347 | D:7      | Noticed Harold
  5360 | D:7      | Reached skill level 5 in Armour
  5362 | D:7      | Killed Harold
  5363 | D:7      | Reached skill level 1 in Throwing
  5506 | D:7      | Reached skill level 11 in Fighting
  6021 | D:8      | Noticed a two-headed ogre
  6034 | D:8      | Killed a two-headed ogre
  6035 | D:8      | Reached skill level 12 in Fighting
  6035 | D:8      | Reached skill level 5 in Dodging
  6035 | D:8      | Reached XP level 10. HP: 88/97 MP: 10/10
  6070 | D:8      | Noticed Erica
  6072 | D:8      | Lost mutation: Your flesh is heat resistant. (rF+) [Jiyva's
                  | grace]
  6072 | D:8      | Lost mutation: Your transparent skin significantly reduces
                  | your foes' accuracy. (Stealth+) [Jiyva's grace]
  6072 | D:8      | Gained mutation: You are partially covered in iridescent
                  | scales. (AC +2) [Jiyva's grace]
  6072 | D:8      | Gained mutation: You are mostly covered in iridescent
                  | scales. (AC +4) [Jiyva's grace]
  6072 | D:8      | Gained mutation: You are completely covered in iridescent
                  | scales. (AC +6) [Jiyva's grace]
  6072 | D:8      | Gained mutation: Your spells are a little harder to cast,
                  | but a little more powerful. [Jiyva's grace]
  6080 | D:8      | Killed Erica
  6167 | D:8      | Found a basalt altar of Yredelemnul.
  6503 | D:8      | Noticed Grum
  6513 | D:8      | Killed Grum
  6514 | D:8      | Reached skill level 5 in Evocations
  6604 | D:8      | Noticed Joseph
  6612 | D:8      | Killed Joseph
  6626 | D:8      | Noticed a manticore
  6636 | D:8      | Killed a manticore
  6637 | D:8      | Reached skill level 5 in Stealth
  6711 | D:8      | Found a blossoming altar of Fedhas.
  6711 | D:8      | Reached ****** piety under Jiyva
  7295 | D:9      | Identified the +7 ring mail of the Distant Future {+Inv
                  | Str+2}
  7669 | D:9      | Found a shimmering altar of Xom.
  7696 | D:9      | Noticed Pikel
  7711 | D:9      | Killed Pikel
  7712 | D:9      | Reached XP level 11. HP: 104/104 MP: 11/11
  7774 | D:9      | Lost mutation: You are completely covered in iridescent
                  | scales. (AC +6) [Jiyva's grace]
  7774 | D:9      | Lost mutation: You possess an exceptional clarity of mind.
                  | [Jiyva's grace]
  7774 | D:9      | Lost mutation: Your spells are a little harder to cast, but
                  | a little more powerful. [Jiyva's grace]
  7774 | D:9      | Lost mutation: Your translucent skin reduces your foes'
                  | accuracy. (Stealth+) [Jiyva's grace]
  7774 | D:9      | Gained mutation: You are very agile. (Dex +4) [Jiyva's
                  | grace]
  7774 | D:9      | Gained mutation: You have a somewhat thin skeletal
                  | structure. (Dex +2, Stealth+) [Jiyva's grace]
  7774 | D:9      | Gained mutation: You have a moderately thin skeletal
                  | structure. (Dex +4, Stealth++) [Jiyva's grace]
  7774 | D:9      | Gained mutation: You have an unnaturally thin skeletal
                  | structure. (Dex +6, Stealth+++) [Jiyva's grace]
  7942 | D:9      | Noticed a two-headed ogre
  7958 | D:9      | Killed a two-headed ogre
  8000 | D:9      | Noticed Prince Ribbit
  8010 | D:9      | Killed Prince Ribbit
  8158 | D:9      | Noticed Psyche
  8163 | D:9      | Killed Psyche
  8300 | D:10     | Entered Level 10 of the Dungeon
  8443 | D:10     | Noticed Nergalle
  8458 | D:10     | Killed Nergalle
  8490 | D:10     | Found a staircase to the Lair.
  8491 | D:10     | Noticed a two-headed ogre
  8513 | D:10     | Killed a two-headed ogre
  8514 | D:10     | Reached skill level 13 in Fighting
  8713 | D:10     | Noticed a catoblepas
  8749 | D:10     | Reached skill level 14 in Fighting
  8754 | D:10     | Killed a catoblepas
  8793 | D:10     | Identified the amulet "Mohoclos" {Reflect +Inv rPois rF-
                  | rC++ SH+5}
  9172 | Lair:1   | Entered Level 1 of the Lair of Beasts
  9202 | Lair:1   | Lost mutation: You are very agile. (Dex +4) [Jiyva's grace]
  9202 | Lair:1   | Lost mutation: You have acidic saliva. [Jiyva's grace]
  9202 | Lair:1   | Gained mutation: You are covered in fur. (AC +1) [Jiyva's
                  | grace]
  9202 | Lair:1   | Gained mutation: You are covered in thick fur. (AC +2)
                  | [Jiyva's grace]
  9202 | Lair:1   | Gained mutation: Your thick and shaggy fur keeps you warm.
                  | (AC +3, rC+) [Jiyva's grace]
  9202 | Lair:1   | Gained mutation: You are strong-willed. (Will+) [Jiyva's
                  | grace]
  9454 | Lair:1   | Reached XP level 12. HP: 117/117 MP: 12/12
 10081 | Lair:2   | Noticed a boulder beetle
 10092 | Lair:2   | Killed a boulder beetle
 10179 | Lair:2   | Reached skill level 10 in Armour
 10227 | Lair:2   | Lost mutation: You have an unnaturally thin skeletal
                  | structure. (Dex +6, Stealth+++) [Jiyva's grace]
 10227 | Lair:2   | Lost mutation: You have a moderately thin skeletal
                  | structure. (Dex +4, Stealth++) [Jiyva's grace]
 10227 | Lair:2   | Lost mutation: You are agile. (Dex +2) [Jiyva's grace]
 10227 | Lair:2   | Lost mutation: Your thick and shaggy fur keeps you warm.
                  | (AC +3, rC+) [Jiyva's grace]
 10227 | Lair:2   | Gained mutation: You have large cloven feet. [Jiyva's
                  | grace]
 10227 | Lair:2   | Gained mutation: You have hoof-like feet. [Jiyva's grace]
 10227 | Lair:2   | Gained mutation: You have hooves in place of feet. [Jiyva's
                  | grace]
 10227 | Lair:2   | Gained mutation: You passively map a small area around you.
                  | [Jiyva's grace]
 11051 | Lair:3   | Found a hole to the Spider Nest.
 11115 | Lair:3   | Noticed a five-headed hydra
 11116 | Lair:3   | Noticed a seven-headed hydra
 11129 | Lair:3   | Killed a seven-headed hydra
 11130 | Lair:3   | Reached skill level 5 in Throwing
 11131 | Lair:3   | Killed a five-headed hydra
 11300 | Lair:3   | Found a staircase to the Shoals.
 11483 | Lair:3   | You fall into a shaft and drop 3 floors!
 11483 | Lair:6   | Entered Level 6 of the Lair of Beasts
 11667 | Lair:6   | Noticed a death yak
 11667 | Lair:6   | Noticed a death yak
 11670 | Lair:6   | Noticed a death yak
 11671 | Lair:6   | Noticed a death yak
 11671 | Lair:6   | Noticed a death yak
 11697 | Lair:6   | Killed a death yak
 11698 | Lair:6   | Reached XP level 13. HP: 125/125 MP: 13/13
 11707 | Lair:6   | Reached skill level 15 in Fighting
 11975 | Lair:6   | Found a staircase to the Slime Pits.
 11984 | Lair:6   | Got An Introduction to Magic
 12365 | Lair:5   | Found a stormy altar of Qazlal.
 12392 | Lair:5   | Found a dark tunnel.
 12401 | Volcano  | Entered a volcano
 12461 | Volcano  | Lost mutation: You have hooves in place of feet. [Jiyva's
                  | grace]
 12461 | Volcano  | Lost mutation: You are mostly covered in iridescent scales.
                  | (AC +4) [Jiyva's grace]
 12461 | Volcano  | Lost mutation: You have a somewhat thin skeletal structure.
                  | (Dex +2, Stealth+) [Jiyva's grace]
 12461 | Volcano  | Lost mutation: Your translucent skin slightly reduces your
                  | foes' accuracy. (Stealth+) [Jiyva's grace]
 12461 | Volcano  | Gained mutation: Your flesh is heat resistant. (rF+)
                  | [Jiyva's grace]
 12461 | Volcano  | Gained mutation: Your flesh is very heat resistant. (rF++)
                  | [Jiyva's grace]
 12461 | Volcano  | Gained mutation: Your flesh is almost immune to the effects
                  | of heat. (rF+++) [Jiyva's grace]
 12461 | Volcano  | Gained mutation: Your system is resistant to poisons.
                  | (rPois) [Jiyva's grace]
 13091 | Lair:5   | Reached skill level 10 in Evocations
 13217 | Lair:5   | Reached skill level 10 in Polearms
 13374 | Lair:3   | Found a blossoming altar of Fedhas.
 13983 | Lair:4   | Reached XP level 14. HP: 121/135 MP: 14/14
 14018 | Lair:4   | Reached skill level 1 in Shields
 14216 | Lair:4   | HP: 4/135 [something (18)]
 14261 | Lair:4   | Reached skill level 5 in Shields
 15232 | Lair:5   | Identified the +3 leather armour of Pragmatism {rF+}
 15588 | Lair:5   | Lost mutation: You have hoof-like feet. [Jiyva's grace]
 15588 | Lair:5   | Lost mutation: Your system is resistant to poisons. (rPois)
                  | [Jiyva's grace]
 15588 | Lair:5   | Gained mutation: You have a beak for a mouth. [Jiyva's
                  | grace]
 15588 | Lair:5   | Gained mutation: Your spells are a little harder to cast,
                  | but a little more powerful. [Jiyva's grace]
 15588 | Lair:5   | Gained mutation: Your spells are harder to cast, but more
                  | powerful. [Jiyva's grace]
 15588 | Lair:5   | Gained mutation: Your spells are much harder to cast, but
                  | much more powerful. [Jiyva's grace]
 15812 | Lair:6   | Reached skill level 16 in Fighting
 16139 | Lair:6   | Found a corrupted altar of Lugonu.
 16139 | Lair:6   | Found a one-way gate to the infinite horrors of the Abyss.
 16471 | D:8      | Identified the +0 pair of gloves of Wixy {Dex+4}
 16659 | D:11     | Found Rife's Weapon Shoppe.
 17417 | D:12     | Found a staircase to the Orcish Mines.
 17478 | Orc:1    | Entered Level 1 of the Orcish Mines
 17649 | Orc:1    | Found Piremeto's Weapon Shoppe.
 17745 | Orc:1    | Lost mutation: Your flesh is almost immune to the effects
                  | of heat. (rF+++) [Jiyva's grace]
 17745 | Orc:1    | Lost mutation: You are covered in thick fur. (AC +2)
                  | [Jiyva's grace]
 17745 | Orc:1    | Lost mutation: Your spells are much harder to cast, but
                  | much more powerful. [Jiyva's grace]
 17745 | Orc:1    | Gained mutation: Your melee attacks may engulf your foes in
                  | ooze. [Jiyva's grace]
 17745 | Orc:1    | Gained mutation: You have a small jelly attached to you
                  | that senses nearby items. [Jiyva's grace]
 17745 | Orc:1    | Gained mutation: Your spells are much harder to cast, but
                  | much more powerful. [Jiyva's grace]
 17745 | Orc:1    | Gained mutation: You are agile. (Dex +2) [Jiyva's grace]
 17927 | Orc:1    | Found a transporter.
 17945 | Orc:1    | Noticed Sucvi's ghost (journeyman MiFi)
 17997 | Orc:1    | Found a transporter.
 18058 | Orc:2    | Entered Level 2 of the Orcish Mines
 18058 | Orc:2    | Noticed an orc warlord
 18143 | Orc:1    | Reached skill level 17 in Fighting
 18303 | Orc:1    | Reached XP level 15. HP: 63/147 MP: 15/15
 18367 | Orc:1    | Killed an orc warlord
 18539 | Orc:2    | Found a staircase to the Elven Halls.
 18770 | Orc:2    | Found Lemmoapi's Antique Weapon Boutique.
 18796 | Orc:2    | Found Cojaoptuv's Distillery.
 18798 | Orc:2    | Found Tekk's Antique Weapon Shoppe.
 18800 | Orc:2    | Bought a potion of berserk rage for 85 gold pieces
 18800 | Orc:2    | Bought a potion of might for 68 gold pieces
 18809 | Orc:2    | Found Veiph's Assorted Antiques.
 18817 | Orc:2    | Bought a masterwork plate armour for 868 gold pieces
 18817 | Orc:2    | Identified the +4 plate armour of the Snake Pit {rF++
                  | Regen+} (You bought it in a shop on level 2 of the Orcish
                  | Mines)
 19105 | D:12     | Noticed Nessos
 19115 | D:12     | Killed Nessos
 19145 | D:12     | Noticed Sonja
 19372 | D:12     | Reached skill level 15 in Armour
 19693 | D:12     | Killed Sonja
 19723 | D:12     | Got Xean's Tome of Confrontation
 19991 | D:13     | Noticed Jorgrun
 20006 | D:13     | Killed Jorgrun
 20007 | D:13     | Lost mutation: You passively map a small area around you.
                  | [Jiyva's grace]
 20007 | D:13     | Lost mutation: You have a small jelly attached to you that
                  | senses nearby items. [Jiyva's grace]
 20007 | D:13     | Gained mutation: Your rubbery body absorbs attacks. (AC +1,
                  | EV +1) [Jiyva's grace]
 20007 | D:13     | Gained mutation: Your pliable body absorbs attacks. (AC +2,
                  | EV +2) [Jiyva's grace]
 20007 | D:13     | Gained mutation: Your gelatinous body deflects attacks. (AC
                  | +3, EV +3) [Jiyva's grace]
 20007 | D:13     | Gained mutation: You are very agile. (Dex +4) [Jiyva's
                  | grace]
 20733 | D:14     | Killed Snorg
 20832 | D:14     | Noticed a tengu reaver
 20841 | D:14     | Killed a tengu reaver
 21082 | D:14     | Found a gate to the Vaults.
 21421 | D:14     | Found a stormy altar of Qazlal.
 21423 | D:14     | Noticed Agnes
 21438 | D:14     | Killed Agnes
 21568 | D:15     | Entered Level 15 of the Dungeon
 21933 | Shoals:1 | Entered Level 1 of the Shoals
 22001 | Shoals:1 | Noticed Roxanne
 22001 | Shoals:1 | Found Epeshad's CLEARANCE SALE!.
 22009 | Shoals:1 | Bought a tin of tremorstones (2/2) for 160 gold pieces
 22134 | Shoals:1 | Lost mutation: You have large cloven feet. [Jiyva's grace]
 22134 | Shoals:1 | Lost mutation: Your flesh is very heat resistant. (rF++)
                  | [Jiyva's grace]
 22134 | Shoals:1 | Lost mutation: You are covered in fur. (AC +1) [Jiyva's
                  | grace]
 22134 | Shoals:1 | Lost mutation: Your spells are much harder to cast, but
                  | much more powerful. [Jiyva's grace]
 22134 | Shoals:1 | Lost mutation: Your gelatinous body deflects attacks. (AC
                  | +3, EV +3) [Jiyva's grace]
 22134 | Shoals:1 | Lost mutation: Your pliable body absorbs attacks. (AC +2,
                  | EV +2) [Jiyva's grace]
 22134 | Shoals:1 | Gained mutation: Your movements are slightly less
                  | encumbered by armour. (ER -2) [Jiyva's grace]
 22134 | Shoals:1 | Gained mutation: Your movements are less encumbered by
                  | armour. (ER -4) [Jiyva's grace]
 22134 | Shoals:1 | Gained mutation: Your movements are significantly less
                  | encumbered by armour. (ER -6) [Jiyva's grace]
 22134 | Shoals:1 | Gained mutation: Your mind is acute. (Int +2) [Jiyva's
                  | grace]
 22170 | Shoals:1 | Reached XP level 16. HP: 121/155 MP: 16/16
 22283 | Shoals:1 | Found a runed translucent gate.
 22283 | Shoals:1 | Found a runed translucent gate.
 22283 | Shoals:1 | Found a runed translucent gate.
 22284 | Shoals:1 | Noticed Suezikaa's ghost (adept MiMo)
 22284 | Shoals:1 | Noticed Orphipn's ghost (adept VSEE)
 22521 | Shoals:1 | Killed Roxanne
 22784 | Shoals:1 | Banished Suezikaa's ghost
 22785 | Shoals:1 | Reached skill level 18 in Fighting
 22798 | Shoals:1 | Killed Orphipn's ghost
 22842 | Shoals:1 | Identified the +0 hat of Burnt Contentment {*Slow rC- Int+9
                  | Stlth+}
 23278 | Shoals:2 | HP: 4/157 [merfolk javelineer/silver javelin (7)]
 23291 | Shoals:2 | HP: 6/157 [merfolk javelineer/silver javelin (10)]
 23640 | Shoals:2 | Identified the +2 robe of Midsummer {rPois rC- rN+++ Dex-5}
 23708 | Shoals:2 | Reached skill level 19 in Fighting
 24590 | Shoals:3 | Noticed a kraken
 24853 | Shoals:3 | Killed a kraken
 24862 | Shoals:3 | Reached skill level 20 in Fighting
 24876 | Shoals:3 | Noticed a kraken
 24934 | Shoals:3 | Killed a kraken
 25000 | Shoals:3 | Reached XP level 17. HP: 170/170 MP: 17/17
 25129 | Shoals:4 | Entered Level 4 of the Shoals
 25158 | Shoals:4 | Identified the ring of Eppom {rF++ rC+ rCorr Str-3 SInv}
 25434 | Shoals:4 | HP: 2/170 [merfolk javelineer/javelin (15)]
 25702 | Shoals:4 | Lost mutation: You are strong-willed. (Will+) [Jiyva's
                  | grace]
 25702 | Shoals:4 | Lost mutation: Your movements are significantly less
                  | encumbered by armour. (ER -6) [Jiyva's grace]
 25702 | Shoals:4 | Gained mutation: Your flesh is very heat resistant. (rF++)
                  | [Jiyva's grace]
 25702 | Shoals:4 | Gained mutation: Your flesh is almost immune to the effects
                  | of heat. (rF+++) [Jiyva's grace]
 25702 | Shoals:4 | Gained mutation: Your translucent skin slightly reduces
                  | your foes' accuracy. (Stealth+) [Jiyva's grace]
 25702 | Shoals:4 | Gained mutation: Your translucent skin reduces your foes'
                  | accuracy. (Stealth+) [Jiyva's grace]
 26018 | Shoals:4 | Got a barnacled rune of Zot
 26503 | Shoals:4 | Got Sylits's Almanac of Cankerous Calling
 27878 | Orc:2    | Bought a shiny orb for 372 gold pieces
 28097 | Spider:1 | Entered Level 1 of the Spider Nest
 29056 | Spider:1 | Reached skill level 10 in Shields
 29679 | Spider:2 | Reached XP level 18. HP: 178/178 MP: 18/18
 29749 | Spider:2 | Identified the +8 spear of Growth {venom, rF+ SInv}
 29785 | Spider:2 | Lost mutation: You have a beak for a mouth. [Jiyva's grace]
 29785 | Spider:2 | Lost mutation: You are partially covered in iridescent
                  | scales. (AC +2) [Jiyva's grace]
 29785 | Spider:2 | Lost mutation: You are very agile. (Dex +4) [Jiyva's grace]
 29785 | Spider:2 | Lost mutation: Your mind is acute. (Int +2) [Jiyva's grace]
 29785 | Spider:2 | Lost mutation: Your spells are harder to cast, but more
                  | powerful. [Jiyva's grace]
 29785 | Spider:2 | Lost mutation: Your translucent skin reduces your foes'
                  | accuracy. (Stealth+) [Jiyva's grace]
 29785 | Spider:2 | Lost mutation: Your movements are less encumbered by
                  | armour. (ER -4) [Jiyva's grace]
 29785 | Spider:2 | Lost mutation: Your movements are slightly less encumbered
                  | by armour. (ER -2) [Jiyva's grace]
 29785 | Spider:2 | Gained mutation: You have acidic saliva. [Jiyva's grace]
 29785 | Spider:2 | Gained mutation: You have large cloven feet. [Jiyva's
                  | grace]
 29785 | Spider:2 | Gained mutation: You have hoof-like feet. [Jiyva's grace]
 29785 | Spider:2 | Gained mutation: You have hooves in place of feet. [Jiyva's
                  | grace]
 30941 | Spider:4 | Entered Level 4 of the Spider Nest
 31532 | Spider:4 | Reached skill level 21 in Fighting
 31639 | Spider:4 | Got a gossamer rune of Zot
 32003 | Spider:4 | Reached skill level 10 in Dodging
 32437 | Elf:1    | Entered Level 1 of the Elven Halls
 32460 | Elf:1    | Lost mutation: Your flesh is almost immune to the effects
                  | of heat. (rF+++) [potion of mutation]
 32460 | Elf:1    | Lost mutation: You are agile. (Dex +2) [potion of mutation]
 32460 | Elf:1    | Lost mutation: Your melee attacks may engulf your foes in
                  | ooze. [potion of mutation]
 32460 | Elf:1    | Gained mutation: Your flesh is almost immune to the effects
                  | of heat. (rF+++) [potion of mutation]
 32460 | Elf:1    | Gained mutation: You expend magic power (3 MP) to
                  | strengthen your wands. [potion of mutation]
 32460 | Elf:1    | Gained mutation: You are partially covered in iridescent
                  | scales. (AC +2) [potion of mutation]
 32460 | Elf:1    | Gained mutation: Your muscles are strong. (Str +2) [potion
                  | of mutation]
 32570 | Elf:1    | Lost mutation: You have hooves in place of feet. [Jiyva's
                  | grace]
 32570 | Elf:1    | Lost mutation: You have hoof-like feet. [Jiyva's grace]
 32570 | Elf:1    | Lost mutation: Your spells are a little harder to cast, but
                  | a little more powerful. [Jiyva's grace]
 32570 | Elf:1    | Gained mutation: You have very sharp teeth. [Jiyva's grace]
 32570 | Elf:1    | Gained mutation: You have extremely sharp teeth. [Jiyva's
                  | grace]
 32570 | Elf:1    | Gained mutation: You have razor-sharp teeth. [Jiyva's
                  | grace]
 32570 | Elf:1    | Gained mutation: Armour fits poorly on your pseudopods.
                  | [Jiyva's grace]
 32649 | Elf:1    | Found a flickering gateway to a bazaar.
 32698 | Elf:1    | Reached XP level 19. HP: 189/189 MP: 19/19
 32723 | Bazaar   | Entered a bazaar
 32755 | Bazaar   | Found Koalodd's Magic Scroll Shoppe.
 32762 | Bazaar   | Found Gaaregad's Book Boutique.
 32766 | Bazaar   | Found Siangado's Magic Scroll Emporium.
 32771 | Bazaar   | Found Titiz's Distillery.
 32783 | Bazaar   | Found Tosmocyg's Book Shop.
 32800 | Bazaar   | Bought a potion of curing for 33 gold pieces
 32800 | Bazaar   | Bought a potion of mutation for 88 gold pieces
 32800 | Bazaar   | Bought a potion of curing for 33 gold pieces
 32800 | Bazaar   | Bought a potion of haste for 110 gold pieces
 33026 | Elf:1    | Got Mnoleg's Guide on the Escort
 33229 | Elf:1    | Found Panwaqon's General Store.
 33236 | Elf:1    | Found Hitwir's Jewellery Emporium.
 33236 | Elf:1    | Found Vaghepib's General Store.
 33241 | Elf:1    | Bought a scroll of teleportation for 54 gold pieces
 33241 | Elf:1    | Found Naetyd's Distillery.
 33247 | Elf:1    | Bought a potion of curing for 42 gold pieces
 33780 | Elf:2    | Found a runed translucent gate.
 33781 | Elf:2    | Found a runed translucent gate.
 33781 | Elf:2    | Found a runed translucent gate.
 34593 | Elf:3    | Entered Level 3 of the Elven Halls
 34779 | Elf:3    | Lost mutation: You have large cloven feet. [Jiyva's grace]
 34779 | Elf:3    | Lost mutation: Your translucent skin slightly reduces your
                  | foes' accuracy. (Stealth+) [Jiyva's grace]
 34779 | Elf:3    | Gained mutation: You have large cloven feet. [Jiyva's
                  | grace]
 34779 | Elf:3    | Gained mutation: You have hoof-like feet. [Jiyva's grace]
 34779 | Elf:3    | Gained mutation: You have hooves in place of feet. [Jiyva's
                  | grace]
 34779 | Elf:3    | Gained mutation: Your mind is acute. (Int +2) [Jiyva's
                  | grace]
 34818 | Elf:3    | Reached skill level 22 in Fighting
 35228 | Elf:3    | Identified the amulet "Efuduch" {RegenMP rF+ rC- Will++
                  | Dex-4 SInv}
 35239 | Elf:3    | Reached skill level 15 in Shields
 35522 | Elf:3    | Got Opish's Primer on Hermeneutics
 35551 | Elf:3    | Identified the +2 arbalest of Feraff {venom, rPois Will-
                  | rCorr Int+2}
 35555 | Elf:3    | Got the Catalogue of Flying Ice
 35590 | Elf:3    | Found the amulet of the Four Winds {rN+ Will+++ Clar}
 35604 | Elf:3    | Identified the +4 great sword of a bailey {pain, Int+4}
 35631 | Elf:3    | Identified the ring "Eddacuz" {Ice Dex+3}
 35637 | Elf:3    | Identified the ring "Siries" {Contam rC+ rN+++ Dex+4}
 35640 | Elf:3    | Got the Tome of the Arsonist
 35663 | Elf:3    | Got Mete's Incunabulum of the Escort
 35664 | Elf:3    | Identified the +1 arbalest of Obsession {vorpal, rF+}
 36069 | Slime:1  | Entered Level 1 of the Pits of Slime
 36643 | Slime:5  | Entered Level 5 of the Pits of Slime
 36820 | Slime:5  | Found the amulet of Vitality {Regen+ HP+15}
 36821 | Slime:5  | Found a viscous altar of Jiyva.
 36836 | Slime:5  | Got a slimy rune of Zot
 36853 | Slime:5  | Noticed the Royal Jelly
 36944 | Slime:5  | Identified the +4 short sword of Laengia {freeze, rF++}
 37630 | Vaults:1 | Entered Level 1 of the Vaults
 37920 | Vaults:1 | Reached XP level 20. HP: 200/200 MP: 20/20
 38115 | Vaults:1 | Reached skill level 10 in Stealth
 38147 | Vaults:1 | You are sucked into a shaft and drop 1 floor!
 38183 | Vaults:2 | Found Ajyc's Assorted Antiques.
 38278 | Vaults:2 | Reached skill level 1 in Unarmed Combat
 38803 | Vaults:1 | Lost mutation: You have razor-sharp teeth. [Jiyva's grace]
 38803 | Vaults:1 | Lost mutation: You have hooves in place of feet. [Jiyva's
                  | grace]
 38803 | Vaults:1 | Lost mutation: You have hoof-like feet. [Jiyva's grace]
 38803 | Vaults:1 | Lost mutation: You are partially covered in iridescent
                  | scales. (AC +2) [Jiyva's grace]
 38803 | Vaults:1 | Lost mutation: Your mind is acute. (Int +2) [Jiyva's grace]
 38803 | Vaults:1 | Lost mutation: You expend magic power (3 MP) to strengthen
                  | your wands. [Jiyva's grace]
 38803 | Vaults:1 | Gained mutation: You have supernaturally acute eyesight.
                  | (SInv) [Jiyva's grace]
 38803 | Vaults:1 | Gained mutation: Your movements are slightly less
                  | encumbered by armour. (ER -2) [Jiyva's grace]
 38803 | Vaults:1 | Gained mutation: Your movements are less encumbered by
                  | armour. (ER -4) [Jiyva's grace]
 38803 | Vaults:1 | Gained mutation: Your movements are significantly less
                  | encumbered by armour. (ER -6) [Jiyva's grace]
 39289 | Vaults:2 | Noticed Mara
 39298 | Vaults:2 | Noticed enile's illusion
 39315 | Vaults:1 | Noticed enile's illusion
 39372 | Vaults:1 | Killed Mara
 39483 | Vaults:2 | Reached skill level 15 in Evocations
 40397 | Vaults:3 | Found a staircase to the Crypt.
 40419 | Vaults:3 | Noticed Donald
 40428 | Vaults:3 | Killed Donald
 40445 | Vaults:3 | Reached skill level 15 in Polearms
 41120 | Vaults:3 | Lost mutation: You have extremely sharp teeth. [Jiyva's
                  | grace]
 41120 | Vaults:3 | Lost mutation: You have acidic saliva. [Jiyva's grace]
 41120 | Vaults:3 | Lost mutation: Your movements are significantly less
                  | encumbered by armour. (ER -6) [Jiyva's grace]
 41120 | Vaults:3 | Gained mutation: You have acidic saliva. [Jiyva's grace]
 41120 | Vaults:3 | Lost mutation: You have large cloven feet. [Jiyva's grace]
 41120 | Vaults:3 | Gained mutation: You have sharp toenails. [Jiyva's grace]
 41120 | Vaults:3 | Gained mutation: You have razor-sharp toenails. [Jiyva's
                  | grace]
 41120 | Vaults:3 | Gained mutation: You have claws for feet. [Jiyva's grace]
 41306 | Vaults:3 | Reached XP level 21. HP: 192/207 MP: 21/21
 41808 | Vaults:4 | Noticed Margery
 41826 | Vaults:4 | Killed Margery
 41915 | Vaults:4 | Found Ynkum's Jewellery Shoppe.
 41930 | Vaults:4 | Bought the necklace of Bloodlust {*Rage Will++ Int-3
                  | Slay+6} for 794 gold pieces
 41930 | Vaults:4 | Found the necklace of Bloodlust {*Rage Will++ Int-3 Slay+6}
 42993 | Vaults:5 | Entered Level 5 of the Vaults
 43032 | Vaults:5 | Noticed an ancient lich
 43041 | Vaults:5 | Killed an ancient lich
 43073 | Vaults:5 | Noticed Mennas
 43094 | Vaults:5 | Killed Mennas
 43106 | Vaults:5 | Identified the +8 dagger of the Freezing Traitor {venom,
                  | *Rage Dex+4}
 43241 | Vaults:5 | Identified the +6 scale mail of Meguen {+Inv rC++ Will-
                  | SInv}
 43472 | Vaults:5 | Identified the +0 kite shield of Waun {rC+ Int+7}
 43493 | Vaults:5 | Got Sif Muna's Papyrus of the Entourage and the Blaze
 43621 | Vaults:5 | Got the Compendium of Sinister Rites
 43748 | Vaults:5 | Lost mutation: Your flesh is almost immune to the effects
                  | of heat. (rF+++) [Jiyva's grace]
 43748 | Vaults:5 | Lost mutation: Your rubbery body absorbs attacks. (AC +1,
                  | EV +1) [Jiyva's grace]
 43748 | Vaults:5 | Lost mutation: Armour fits poorly on your pseudopods.
                  | [Jiyva's grace]
 43748 | Vaults:5 | Gained mutation: Your muscles are very strong. (Str +4)
                  | [Jiyva's grace]
 43748 | Vaults:5 | Gained mutation: Your melee attacks may engulf your foes in
                  | ooze. [Jiyva's grace]
 43748 | Vaults:5 | Gained mutation: You have a pair of large horns on your
                  | head. [Jiyva's grace]
 43748 | Vaults:5 | Gained mutation: You have a small jelly attached to you
                  | that senses nearby items. [Jiyva's grace]
 43783 | Vaults:5 | Reached XP level 22. HP: 174/215 MP: 22/22
 43859 | Vaults:5 | Identified the +2 dagger of the Magi {venom, Int+4 Dex+6}
 44020 | Vaults:5 | Identified the amulet "Osum" {Acrobat rPois rF- Str+8
                  | Int-3}
 44097 | Vaults:5 | Got a silver rune of Zot
 44215 | Vaults:5 | Identified the +7 ring mail of Bitterness {Dex+2}
 44817 | D:15     | Found Xisor's General Store.
 45355 | D:15     | Found a staircase to the Depths.
 45485 | Depths:1 | Entered Level 1 of the Depths
 45529 | Depths:1 | Noticed Asterion
 45548 | Depths:1 | Killed Asterion
 46155 | Depths:1 | Found a shimmering blue altar of Sif Muna.
 46158 | Depths:1 | Found a basalt altar of Yredelemnul.
 46158 | Depths:1 | Found an iron altar of Okawaru.
 46160 | Depths:1 | Found a basalt altar of Yredelemnul.
 46160 | Depths:1 | Found a shimmering altar of Xom.
 46160 | Depths:1 | Found an opulent altar of Gozag.
 46243 | Depths:1 | Lost mutation: Your movements are less encumbered by
                  | armour. (ER -4) [Jiyva's grace]
 46243 | Depths:1 | Lost mutation: Your melee attacks may engulf your foes in
                  | ooze. [Jiyva's grace]
 46243 | Depths:1 | Gained mutation: You are covered in slimy tendrils that may
                  | disarm your opponents. [Jiyva's grace]
 46243 | Depths:1 | Gained mutation: You have a small jelly attached to you
                  | that may absorb projectiles. [Jiyva's grace]
 46243 | Depths:1 | Gained mutation: You are strong-willed. (Will+) [Jiyva's
                  | grace]
 46243 | Depths:1 | Gained mutation: You are highly strong-willed. (Will++)
                  | [Jiyva's grace]
 46278 | Depths:1 | Found a gateway to Hell.
 46382 | Depths:2 | Found a one-way gateway to a ziggurat.
 46873 | Depths:2 | Found a shimmering blue altar of Sif Muna.
 47128 | Depths:2 | Found a one-way gate leading to the halls of Pandemonium.
 47508 | Depths:3 | Found Vuphaemi's Magic Scroll Emporium.
 47517 | Depths:3 | Bought a scroll of acquirement for 624 gold pieces
 47517 | Depths:3 | Bought a scroll of teleportation for 36 gold pieces
 47517 | Depths:3 | Bought a scroll of fear for 42 gold pieces
 47517 | Depths:3 | Bought a scroll of summoning for 114 gold pieces
 47517 | Depths:3 | Bought a scroll of teleportation for 36 gold pieces
 47517 | Depths:3 | Bought a scroll of blinking for 90 gold pieces
 47520 | Depths:3 | Acquired 360 gold pieces
 47527 | Depths:3 | Bought a scroll of silence for 90 gold pieces
 47557 | Depths:3 | Found Owenuphe's Weapon Boutique.
 47646 | Depths:3 | Reached XP level 23. HP: 223/223 MP: 23/23
 47774 | Depths:3 | Identified the ring of Hikaitydd {rPois Str+4 Dex+6}
 47961 | Depths:3 | Found Pesm's Distillery.
 47970 | Depths:3 | Bought a potion of curing for 69 gold pieces
 47970 | Depths:3 | Bought a potion of curing for 69 gold pieces
 47970 | Depths:3 | Bought a potion of curing for 69 gold pieces
 47970 | Depths:3 | Bought a potion of haste for 230 gold pieces
 47970 | Depths:3 | Bought a potion of ambrosia for 184 gold pieces
 47970 | Depths:3 | Bought a potion of heal wounds for 115 gold pieces
 48005 | Depths:3 | Noticed a royal mummy
 48011 | Depths:3 | Killed a royal mummy
 48031 | Depths:3 | Noticed a royal mummy
 48180 | Depths:3 | Killed a royal mummy
 48231 | Depths:3 | Noticed a royal mummy
 48231 | Depths:3 | Found the +7 sceptre of Torment {pain, torment}
 48244 | Depths:3 | Killed a royal mummy
 48363 | Depths:3 | Found Heygon's General Store.
 48371 | Depths:3 | Bought a potion of curing for 39 gold pieces
 48487 | Depths:4 | Entered Level 4 of the Depths
 48490 | Depths:4 | Noticed Jory
 48516 | Depths:4 | Killed Jory
 48538 | Depths:4 | Found an ancient bone altar of Kikubaaqudgha.
 48737 | Depths:4 | Reached skill level 23 in Fighting
 48871 | Depths:4 | Lost mutation: You have very sharp teeth. [Jiyva's grace]
 48871 | Depths:4 | Lost mutation: You have a pair of large horns on your head.
                  | [Jiyva's grace]
 48871 | Depths:4 | Lost mutation: You have claws for feet. [Jiyva's grace]
 48871 | Depths:4 | Lost mutation: Your flesh is very heat resistant. (rF++)
                  | [Jiyva's grace]
 48871 | Depths:4 | Lost mutation: You are highly strong-willed. (Will++)
                  | [Jiyva's grace]
 48871 | Depths:4 | Lost mutation: Your muscles are very strong. (Str +4)
                  | [Jiyva's grace]
 48871 | Depths:4 | Lost mutation: You have razor-sharp toenails. [Jiyva's
                  | grace]
 48871 | Depths:4 | Lost mutation: You have sharp toenails. [Jiyva's grace]
 48871 | Depths:4 | Gained mutation: You have large cloven feet. [Jiyva's
                  | grace]
 48871 | Depths:4 | Gained mutation: You have hoof-like feet. [Jiyva's grace]
 48871 | Depths:4 | Gained mutation: You have hooves in place of feet. [Jiyva's
                  | grace]
 48871 | Depths:4 | Gained mutation: You are somewhat resistant to further
                  | mutation. [Jiyva's grace]
 48947 | Depths:4 | Noticed the Enchantress
 48968 | Depths:4 | Killed the Enchantress
 49352 | Depths:4 | Found a gate to the Realm of Zot.
 51107 | Depths:3 | Voluntarily entered the Abyss.
 51135 | Abyss:1  | Found a shadowy altar of Dithmenos.
 51137 | Abyss:1  | Found a corrupted altar of Lugonu.
 51146 | Abyss:1  | Found a corrupted altar of Lugonu.
 51321 | Abyss:1  | Killed Suezikaa's ghost
 51786 | Abyss:3  | Lost intelligence.
 51893 | Abyss:4  | Lost mutation: Your movements are slightly less encumbered
                  | by armour. (ER -2) [potion of mutation]
 51893 | Abyss:4  | Lost mutation: Your flesh is heat resistant. (rF+) [potion
                  | of mutation]
 51893 | Abyss:4  | Lost mutation: You have a small jelly attached to you that
                  | senses nearby items. [potion of mutation]
 51893 | Abyss:4  | Lost mutation: You have a small jelly attached to you that
                  | may absorb projectiles. [potion of mutation]
 51893 | Abyss:4  | Gained mutation: You are agile. (Dex +2) [potion of
                  | mutation]
 51976 | Abyss:4  | Lost mutation: You have supernaturally acute eyesight.
                  | (SInv) [potion of mutation]
 51976 | Abyss:4  | Lost mutation: You are somewhat resistant to further
                  | mutation. [potion of mutation]
 51976 | Abyss:4  | Lost mutation: Your muscles are strong. (Str +2) [potion of
                  | mutation]
 51976 | Abyss:4  | Lost mutation: You have hooves in place of feet. [potion of
                  | mutation]
 51976 | Abyss:4  | Gained mutation: You are very agile. (Dex +4) [potion of
                  | mutation]
 52006 | Abyss:4  | HP: 4/155 [balrug/divine providence (14)]
 52021 | Abyss:4  | HP: 9/232 [balrug (7)]
 52021 | Abyss:4  | HP: 4/232 [balrug (5)]
 52044 | Abyss:4  | Slain by a sun demon

Illustrated notes

Levels and vault maps discovered:
D:1:      arrival_zaba_pyramid, layout_basic, hellmonk_ecumenical_altar_run_dry,
          minivault_19
D:2:      cheibrodos_fertilizer, layout_basic, minmay_pentomino_v2, uniq_robin
D:3:      layout_basic, nicolae_overflow_hidden_temple, vehumet_crystals
D:4:      layout_cave_pools, mainiacjoe_overflow_alcove_2,
          minmay_temple_entry_fiery, gup_sewer_entry_glass,
          uniq_crazy_yiuf_cottage, uniq_natasha
D:5:      layout_loops_ring, nicolae_ossuary_entry_giza, gammafunk_ghost_grave,
          minivault_11
D:6:      layout_basic, chequers_decorated_corner, columned_hall_lemuel,
          minmay_misc_feat_pillars, chequers_serial_rivers_micro_a
D:7:      layout_cave_pods, uniq_harold, uniq_duvessa
D:8:      cheibrodos_elevator_heist, layout_layer_cave,
          mainiacjoe_overflow_chevrons, mainiacjoe_overflow_tiny_flanked,
          uniq_joseph, uniq_erica, uniq_grum
D:9:      kennysheep_kobold_camp, layout_loops_ring,
          mainiacjoe_overflow_cross_hatched, uniq_psyche, uniq_pikel,
          uniq_prince_ribbit1
D:10:     layout_grid_maze, erik_lair_island, minmay_mirror_moons_of_madness,
          uniq_nergalle
D:11:     layout_irregular_city, hangedman_decor_push, kennysheep_windowed_goal
D:12:     lemuel_ice_statue, layout_small_grid, zombieorc1_lemuel, uniq_sonja,
          uniq_nessos
D:13:     layout_basic, kennysheep_kite_vault, uniq_jorgrun
D:14:     minmay_outward_triangles, layout_rooms, erik_vaults_1,
          nicolae_qazlal_scattered_showers, minmay_hedge_maze, uniq_agnes,
          uniq_snorg
D:15:     hangedman_depths_entry_try_elsewhere_first, layout_long_grid,
          serial_shops, shop, moated_statue, st_stairs_7
Lair:1:   layout_gridlike, st_stairs_13
Lair:2:   layout_small_grid, serial_rivers, chequers_serial_rivers_micro_a,
          chequers_serial_rivers_small_3, chequers_serial_rivers_micro_e,
          chequers_serial_rivers_room_b, chequers_serial_rivers_micro_a,
          beast_lair_carwin_1, serial_bayou_shore_b
Lair:3:   layout_loops_ring, minmay_shoals_entry_centaurs,
          spider_nest_entry_rubble, chequers_serial_rivers_micro_e,
          serial_bayou_pond_d, tgw_fedhas, grunt_megastairs_2,
          serial_bayou_shore_a
Lair:4:   layout_concentric_octagons, special_room [special_room_bee]
Lair:5:   layout_regular_city, basic_altar, enter_volcano_1,
          cheibrodos_lair_lostbears, grunt_megastairs_4
Lair:6:   hellmonk_lair_end_abyssal_woods, layout_gridlike, slime_dummy,
          grunt_megastairs_3, lemuel_fruit_tree
Shoals:1: layout_shoals, gammafunk_ghost_cemetery, nicolae_shop_clearance,
          uniq_roxanne
Shoals:2: layout_shoals, nicolae_shoals_aquamancer_cove
Shoals:3: layout_shoals, nicolae_shoals_spring_well_temple
Shoals:4: shoals_end_grunt_ice, layout_shoals
Spider:1: layout_cave_pods, drop_trap
Spider:2: layout_spider_delve, nicolae_spider_spiderdrome
Spider:3: layout_cave_pods
Spider:4: spider_rune_water
Slime:1:  layout_caves
Slime:2:  layout_caves
Slime:3:  layout_caves, cheibrodos_slime_lost_civilization_7
Slime:4:  layout_caves
Slime:5
Orc:1:    layout_diamond_mine, gammafunk_ghost_berserking_beasts, serial_shops,
          nicolae_square_shop
Orc:2:    st_orc_elflike, layout_caves
Elf:1:    layout_loops_cross, serial_shops, freezing_bzr, minmay_elf_demonology,
          minmay_shoptagon
Elf:2:    nicolae_elf_blades_crystal_corner, layout_gridlike
Elf:3:    minmay_elf_hall, layout_loops_cross, hex_large
Vaults:1: vaults_dpeg_diagonal, nicolae_vaults_mini_display_case,
          ontoclasm_vaults_hangar, v_alt_pattern_1, v_misc_16, v_alt_pattern_1,
          v_misc_11, layout_vaults_chaotic_city
Vaults:2: v_pattern_3, grunt_vaults_hallway_short, v_misc_8,
          dpeg_vaults_monster_box, nicolae_vaults_big_angled_halls,
          hangedman_vaults_restitches, vaults_dpeg_spiral, grunt_vaults_swirl,
          st_more_cells, hangedman_vaults_trim, vaults_room_octagon,
          layout_vaults_omnibox, serial_shops, nicolae_shop_stone, uniq_mara
Vaults:3: blue_anna_dwarven_crypt, nicolae_vaults_circle_grid_a, v_misc_24,
          grunt_vaults_diagonal, ontoclasm_vaults_pinch,
          nicolae_vaults_three_branches, nicolae_vaults_network_star,
          vaults_room_large_hall, vaults_room_grunt_arrival_checkpoint,
          v_misc_3, grunt_vaults_hallway_short, dpeg_vaults_monster_row,
          v_alt_pattern_3, nicolae_vaults_rhombus_7, layout_vaults_omnicross,
          uniq_donald
Vaults:4: grunt_vaults_hallway_short, nicolae_vaults_little_squares_2,
          nicolae_vaults_shelves_hall, nicolae_vaults_border_crossing,
          vaults_room_pool, vaults_dpeg_cross, ontoclasm_vaults_ligature,
          nicolae_vaults_shelves_hall, layout_vaults_omnigrid, serial_shops,
          nicolae_shop_hallway_plus, uniq_margery
Vaults:5: serial_shops, uniq_mennas
Depths:1: layout_roguey, hellmouth_1, doesnt_xom_only_xom,
          kennysheep_small_square, roderic_lattice_octagonal_star, uniq_asterion
Depths:2: hellmonk_ruined_rings, layout_cave_shapes, enter_ziggurat_d,
          led_sif_pool, hell_entry, rand_demon_pan_entry_4,
          lemuel_nasty_fountain
Depths:3: minmay_guarded_unrand_sceptre_of_torment, layout_basic,
          abyss_entry_crystal, pf_hell_entry_tar_spiral, serial_shops,
          shop_fountains, nicolae_stop_n_shop_1, kennysheep_mini_moat,
          nicolae_shop_bloodbath_and_beyond
Depths:4: grunt_zot_entry_hairpin, layout_long_grid, kiku_gazebo_pond_becter,
          pf_hell_entry_great_geh, minmay_tree_intersection, uniq_jory,
          uniq_enchantress
Abyss:4:  base: Zot:1, evilmike_abyss_exit_13, hangedman_summoners_spam,
          nicolae_abyss_rune_left_handed

Skill      XL: |  1  2  3  4  5  6  7  8  9 10 11 12 13 14 15 16 17 18 19 20 21 22 23 |
---------------+----------------------------------------------------------------------+-----
Fighting       | 2 3 4 5 7 9 10 12 14 15 17 20 21 22 23 | 23.0
Short Blades   | 1 |  1.0
Polearms       | 1 3 5 7 10 11 12 14 17 18 21 22 | 22.9
Invocations    | 2 |  2.4
Staves         | 1 |  1.8
Armour         | 3 4 5 8 10 12 14 16 18 19 20 21 | 21.0
Dodging        | 4 5 6 7 8 10 | 10.0
Stealth        | 4 6 7 8 9 12 13 14 | 14.0
Evocations     | 4 6 8 9 11 12 13 14 15 17 18 | 18.0
Throwing       | 2 7 |  7.9
Shields        | 6 7 11 13 16 17 18 19 | 19.6
Unarmed Combat | 3 |  3.0
Slings         | |  1.1
Bows           | |  3.2

Action                   |  1- 3 |  4- 6 |  7- 9 | 10-12 | 13-15 | 16-18 | 19-21 | 22-24 || total
-------------------------+-------+-------+-------+-------+-------+-------+-------+-------++-------
Melee: Dagger            |    42 |       |       |       |       |       |       |       ||    42
       Headbutt          |     7 |    20 |    25 |   129 |   348 |   404 |   400 |   261 ||  1594
       Trident           |    13 |    53 |       |       |       |       |       |       ||    66
       Bite              |       |    10 |    11 |    31 |       |    91 |   226 |   148 ||   517
       Quarterstaff      |       |   128 |    12 |       |       |       |       |       ||   140
       Spear             |       |       |   188 |   559 |  1536 |  1994 |  1411 |   909 ||  6597
       Punch             |       |       |     1 |     6 |    20 |       |     2 |       ||    29
       Kick              |       |       |       |    40 |   550 |   242 |   598 |   444 ||  1874
       Peck              |       |       |       |       |   199 |   253 |       |       ||   452
       Pseudopods        |       |       |       |       |       |    23 |   335 |       ||   358
 Fire: Shortbow          |    33 |       |       |       |       |       |       |       ||    33
Throw: Stone             |     2 |     1 |       |       |       |       |       |       ||     3
       Dart              |       |     3 |     5 |     4 |    21 |    22 |       |     4 ||    59
       Javelin           |       |     3 |     1 |     2 |     3 |     1 |       |       ||    10
       Throwing net      |       |       |       |     1 |     3 |     4 |     1 |       ||     9
       Boomerang         |       |       |       |       |     3 |     3 |       |       ||     6
Invok: Oozemancy         |       |     2 |     2 |     2 |     6 |     5 |     3 |     1 ||    21
       Slimify           |       |       |       |     2 |       |       |       |       ||     2
Evoke: Wand              |       |       |     5 |     3 |    12 |    21 |    10 |     3 ||    54
       Piece from Xom's  |       |       |       |       |    11 |    18 |    39 |    12 ||    80
       Tin of tremorston |       |       |       |       |       |    11 |    13 |     5 ||    29
       Condenser vane    |       |       |       |       |       |     8 |    12 |     7 ||    27
       Phantom mirror    |       |       |       |       |       |     1 |    13 |     6 ||    20
       Box of beasts     |       |       |       |       |       |       |    10 |     4 ||    14
  Use: Scroll            |       |     5 |     5 |     5 |    14 |    10 |    15 |     6 ||    60
       Potion            |       |       |       |     3 |     2 |    14 |     3 |     8 ||    30
 Stab: Sleeping          |       |     3 |    15 |    20 |    15 |     1 |     9 |     4 ||    67
       Paralysed         |       |       |     1 |     1 |       |     6 |     6 |     3 ||    17
       Petrifying        |       |       |       |     2 |       |     7 |     4 |       ||    13
       Petrified         |       |       |       |     3 |       |     5 |     2 |       ||    10
       Confused          |       |       |       |     1 |     7 |    15 |    15 |     8 ||    46
       Distracted        |       |       |       |     1 |     4 |     3 |     2 |     5 ||    15
       Held in net/web   |       |       |       |     1 |     1 |     6 |       |       ||     8
       Invisible         |       |       |       |       |       |     6 |       |       ||     6
Armor: Leather armour    |    20 |    92 |     7 |       |       |       |       |       ||   119
       Scale mail        |       |       |    36 |       |       |       |       |       ||    36
       Steam dragon scal |       |       |     1 |    18 |       |       |       |       ||    19
       Ring mail         |       |       |       |   156 |   438 |       |       |       ||   594
       Plate armour      |       |       |       |       |   215 |   544 |   233 |   224 ||  1216
Dodge: Dodged            |    67 |   157 |   119 |   311 |   683 |   596 |   287 |   191 ||  2411
Block: Other             |       |       |       |    42 |   157 |       |       |       ||   199
       Reflection        |       |       |       |       |    34 |   125 |   104 |       ||   263
       Kite shield       |       |       |       |       |   181 |  1291 |   979 |       ||  2451
       Tower shield      |       |       |       |       |       |       |       |   908 ||   908

Table legend: (Time is in decaauts)
 A = Elapsed time spent in this place.
 B = Non-inter-level travel time spent in this place.
 C = Inter-level travel time spent in this place.
 D = Time resting spent in this place.
 E = Time spent auto-exploring this place.
 F = Levels seen in this place.
 G = Mean time per level.
                   A        B        C        D        E       F      G
               +--------+--------+--------+--------+--------+-----+--------+
         Total |  50870 |  45719 |   5151 |   1179 |  29715 |  56 |  908.4 |
       Dungeon |  13338 |  12164 |   1174 |    397 |   8713 |  15 |  889.2 |
          Lair |   7013 |   5815 |   1198 |     43 |   4315 |   6 | 1168.8 |
        Shoals |   5644 |   5246 |    398 |     74 |   3178 |   4 | 1411.0 |
   Spider Nest |   3878 |   3607 |    271 |    107 |   2199 |   4 |  969.5 |
    Slime Pits |   1320 |   1206 |    114 |      0 |   1088 |   5 |  264.0 |
  Orcish Mines |   1601 |   1384 |    217 |     48 |    808 |   2 |  800.5 |
   Elven Halls |   3132 |   2894 |    238 |    162 |   1676 |   3 | 1044.0 |
        Vaults |   6771 |   6504 |    267 |    329 |   4093 |   5 | 1354.2 |
        Depths |   5743 |   4472 |   1271 |     18 |   2699 |   4 | 1435.8 |
         Abyss |   1047 |   1047 |      0 |      0 |    152 |   4 |  261.8 |
        Bazaar |     98 |     98 |      0 |      0 |     61 |   1 |   98.0 |
         Sewer |    359 |    359 |      0 |      0 |    173 |   1 |  359.0 |
       Ossuary |    306 |    306 |      0 |      0 |    167 |   1 |  306.0 |
       Volcano |    614 |    614 |      0 |      0 |    390 |   1 |  614.0 |
               +--------+--------+--------+--------+--------+-----+--------+

Top non-repeatable levels by time:
Depths:3: 1915 daAuts
Shoals:3: 1576 daAuts
Vaults:5: 1519 daAuts
Depths:4: 1470 daAuts
Shoals:1: 1446 daAuts
Depths:2: 1415 daAuts
Shoals:4: 1389 daAuts
Vaults:4: 1386 daAuts
  Lair:3: 1364 daAuts
  Lair:6: 1325 daAuts
Vaults:3: 1315 daAuts
Vaults:2: 1288 daAuts
Spider:1: 1282 daAuts
Vaults:1: 1261 daAuts
Shoals:2: 1231 daAuts
